 Dungeon Crawl Stone Soup version 0.26.1-11-gd32895ea62 (webtiles) character file.

Game seed: 16853746795189629248

115896 Elvor the Bludgeoner (level 16, -4/107 HPs)
             Began as a Gargoyle Delver on Apr 12, 2021.
             Was a High Priest of Okawaru.
             Killed from afar by a fire giant (28 damage)
             ... with a fireball
             ... on level 15 of the Dungeon on Apr 13, 2021.
             The game lasted 04:07:13 (24922 turns).

Elvor the Bludgeoner (Gargoyle Delver)             Turns: 24922, Time: 04:07:14

Health: -4/107     AC: 46    Str: 21    XL:     16   Next: 69%
Magic:  19/19      EV:  5    Int: 13    God:    Okawaru [*****.]
Gold:   1289       SH: 12    Dex: 11    Spells: 13/15 levels left

rFire    . . .     SeeInvis +   O - +3 flail (freeze)
rCold    + . .     Faith    .   n - +0 kite shield
rNeg     + . .     Spirit   .   L - +2 crystal plate armour
rPois    ∞         Reflect  .   X - +2 helmet {SInv}
rElec    +         Harm     .   A - +0 cloak
rCorr    .         Rampage  .   F - +0 pair of gloves
Will     +....                  M - +0 pair of boots (curse)
Stlth    ..........             (no amulet)
HPRegen  0.27/turn              u - +4 ring of protection
MPRegen  0.16/turn              G - ring of Tetoiw {Wiz +Blink rC+ Slay+3}

@: flying
A: big wings, negative energy resistance 1, electricity resistance, unbreathing,
petrification resistance, miasma immunity, AC +12
a: Stop Flying, Renounce Religion, Evoke Blink, Heroism, Finesse


You were on level 15 of the Dungeon.
You worshipped Okawaru.
Okawaru was extremely pleased with you.
You visited 4 branches of the dungeon, and saw 24 of its levels.
You also visited: Ice Cave and Volcano.

You collected 3514 gold pieces.
You spent 2225 gold pieces at shops.

Inventory:

Hand Weapons
 O - a +3 flail of freezing (weapon)
 V - the +1 mace "Godafesa" {distort, *Rage rN+ Int+8}
   (Okawaru gifted it to you on level 14 of the Dungeon)

   It warps and distorts space around it.
   Unwielding it can cause banishment or high damage.
   It affects your intelligence (+8).
   It protects you from negative energy.
   It may make you go berserk in combat.
Missiles
 h - a throwing net
 p - 31 boomerangs (quivered)
 E - 2 curare-tipped darts
 I - 6 poisoned darts
 Y - 3 javelins
Armour
 f - the +2 helmet of the Jolly Songs {rC+ Int+2}
   (You found it on level 12 of the Dungeon)

   It affects your intelligence (+2).
   It protects you from cold.
 n - a +0 kite shield (worn)
 A - a +0 cloak (worn)
 F - a +0 pair of gloves (worn)
 L - a +2 crystal plate armour (worn)
 M - a cursed +0 pair of boots (worn)
 X - a +2 helmet of see invisible (worn)
 Z - a +4 plate armour
Jewellery
 i - an uncursed ring of willpower
 u - a +4 ring of protection (left hand)
 G - the ring of Tetoiw (right hand) {Wiz +Blink rC+ Slay+3}
   (You acquired it on level 7 of the Dungeon)

   [ring of wizardry]

   It improves your spell success rate.
   It affects your accuracy and damage with ranged weapons and melee attacks
   (+3).
   It protects you from cold.
   It lets you blink.
 P - an uncursed ring of stealth
Wands
 a - a wand of enslavement (27)
 g - a wand of digging (11)
 j - a wand of polymorph (32)
 t - a wand of iceblast (3)
 v - a wand of disintegration (18)
 y - a wand of acid (8)
 H - a wand of paralysis (9)
 N - a wand of random effects (12)
Scrolls
 b - 3 scrolls of enchant armour
 c - 7 scrolls of fog
 e - 4 scrolls of fear
 k - 8 scrolls of identify
 o - 2 scrolls of summoning
 B - 6 scrolls of immolation
 D - 10 scrolls of teleportation
 J - 7 scrolls of remove curse
 K - a scroll of blinking
 R - 5 scrolls of vulnerability
 S - a scroll of magic mapping
Potions
 d - a potion of berserk rage
 m - 4 potions of cancellation
 q - 3 potions of lignification
 r - 3 potions of magic
 s - 6 potions of haste
 x - 9 potions of brilliance
 z - 2 potions of resistance
 C - 3 potions of might
 Q - 5 potions of curing
 T - a potion of ambrosia
 U - a potion of invisibility
Miscellaneous
 w - a condenser vane
 W - a tin of tremorstones (1/2)


   Skills:
 * Level 14.6 Fighting
 + Level 15.8 Maces & Flails
 + Level 11.1 Throwing
 + Level 10.9 Armour
 + Level 4.7 Dodging
 + Level 8.8 Stealth
 + Level 10.7 Shields
 + Level 4.9 Invocations
 + Level 3.8 Evocations


You had 13 spell levels left.
You knew the following spells:

 Your Spells              Type           Power        Failure   Level
a - Swiftness             Air            0%           100%        2

Your spell library contained the following spells:

 Spells                   Type           Power        Failure   Level
 Beastly Appendage        Tmut           0%           100%        1
 Shock                    Conj/Air       0%           100%        1
 Summon Small Mammal      Summ           0%           100%        1
 Call Imp                 Summ           0%           100%        2
 Wereblood                Tmut           0%           100%        2
 Call Canine Familiar     Summ           0%           100%        3
 Spider Form              Tmut/Pois      0%           100%        3
 Static Discharge         Conj/Air       0%           100%        3
 Summon Guardian Golem    Hex/Summ       0%           100%        3
 Airstrike                Air            0%           100%        4
 Ice Form                 Ice/Tmut       0%           100%        4
 Summon Ice Beast         Ice/Summ       0%           100%        4
 Summon Lightning Spire   Summ/Air       0%           100%        4
 Blade Hands              Tmut           0%           100%        5
 Irradiate                Conj/Tmut      0%           100%        5
 Lightning Bolt           Conj/Air       0%           100%        5
 Hydra Form               Tmut           0%           100%        6
 Dragon Form              Tmut           0%           100%        7
 Statue Form              Tmut/Erth      Unusable     N/A         6

Dungeon Overview and Level Annotations

Branches:
Dungeon (15/15)            Temple (1/1) D:4            Lair (6/6) D:11
 Shoals (0/4) Lair:2        Snake (0/4) Lair:3        Slime (0/5) Lair:5
    Orc (2/2) D:10            Elf (0/3) Orc:2        Vaults (0/5) D:14
 Depths (0/5) D:15          IceCv (visited)         Volcano (visited)

Altars:
Ashenzari
Cheibriados
Dithmenos
Elyvilon
Fedhas
Gozag
Hepliaklqana
Kikubaaqudgha
Makhleb
Nemelex Xobeh
Okawaru
Qazlal
Ru
Sif Muna
Trog
Uskayaw
Vehumet
Wu Jian
Xom
Yredelemnul
Zin
The Shining One
Jiyva
Lugonu

Shops:
D:4 (   D:5 =   D:10 :}*?   D:11 !   D:13 *   D:14 [   D:15 *   Orc:2 *:?*

Annotations:
D:13 2 transporters, Cykl0x's ghost, journeyman MiFi


Innate Abilities, Weirdness & Mutations

You are resistant to torment.
Your stone body is resilient. (AC +12)
You are immune to poison.
Your large and strong wings let you fly indefinitely.
You resist negative energy. (rN+)
You are resistant to electric shocks. (rElec)
You can survive without breathing.
You are immune to petrification.
You are immune to miasma.


Message History

Press: ? - help, Q - select action, (/) - cycle Shift-Dir - straight line, f/p - fire giant
Aim: a fire giant, wielding a +2 great sword of flaming (lightly wounded, extremely poisoned, 86% to hit)
You throw a boomerang. The boomerang hits the fire giant!!
The fire giant is moderately wounded.
The fire giant points at you and mumbles some strange words.
The fireball explodes!
The fireball engulfs you!! You block the fire giant's attack.
You thump the fire giant! You freeze the fire giant.
The fire giant is heavily wounded.
You hit the fire giant. You freeze the fire giant.
The fire giant is heavily wounded.
The fire giant gestures at you while chanting.
The fireball explodes!
The fireball engulfs you!!
* * * LOW HITPOINT WARNING * * *
The fireball engulfs the fire giant!
The fire giant resists.
You feel much better.
The fire giant shouts!
The fire giant casts a spell at you.
The fireball explodes!
The fireball engulfs you!!
You die...

#.#..".......### #.............(#
###..(.......#.# ##....#......#..
#.(..#.#.#..#.# #.#(##......#.#
#.#(##.#.#..#.#
##########.#C##......#.#
#............@.......#.#
#.########.##<##..<..#.#
#.########.##.###.#..#.##
####.##..................#.######
........########.##.....###......
#####.### #.##.##.#.#.###### #.#
#.##.##.##.## # #.# #.##.......#
### #.# #.##....#### ##..


You could see a fire giant (extremely poisoned).

Vanquished Creatures
  Rupert (Orc:2)
  Agnes (D:15)
  Nessos (D:12)
  2 entropy weavers
  Azrael (D:12)
  Erolcha (D:9)
  The ghost of Sinop the Geomancer, a journeyman GrEE of Vehumet (D:9)
  The ghost of TangoThomas the Zephyrmancer, a novice OgAE of Vehumet (D:9)
  Harold (D:7)
  The ghost of grovkorv the Spear-Bearer, a journeyman MfFi of Okawaru (D:11)
  A boulder beetle (D:14)
  A merfolk avatar (Lair:6)
  7 hydras
  23 two-headed ogres
  2 catoblepae
  A dancing weapon (D:11)
  3 centaur warriors
  5 ogre magi
  3 tengu warriors
  A queen ant (Lair:6)
  3 death yaks (Lair:5)
  Sonja (Lair:3)
  A hell knight (Volcano)
  A skeletal warrior (D:14)
  3 sea snakes (Lair:6)
  A deep elf archer (D:14)
  3 unseen horrors
  3 orc knights
  2 harpies (Lair:6)
  3 deep elf magi (D:14)
  4 oklob plants (Lair:3)
  A cyclops (Orc:2)
  15 ugly things
  4 manticores
  2 orc sorcerers
  3 elephants (Lair:6)
  2 torpor snails
  6 black mambas
  16 cane toads
  4 gargoyles
  2 ice statues (IceCv)
  4 yaktaurs
  4 rime drakes
  3 kobold demonologists
  20 komodo dragons
  2 demonic crawlers (Lair:4)
  2 tengu conjurers (D:14)
  A meliai (shapeshifter) (D:14)
  3 hornets
  A polar bear (Lair:6)
  9 trolls
  Grinder (D:3)
  2 tyrant leeches (D:11)
  Prince Ribbit (D:7)
  10 blink frogs
  5 wraiths
  2 vampires
  A fire elemental (D:12)
  2 shadows
  36 yaks
  6 wyverns
  Eustachio (D:6)
  2 basilisks
  7 vampire mosquitoes
  2 acid dragons (D:11)
  4 wargs
  12 soldier ants
  22 water moccasins
  2 swamp worms (Lair:4)
  4 hell hounds (D:12)
  11 ice beasts
  2 sky beasts (D:10)
  24 orc warriors
  A black bear (Lair:5)
  An eye of draining (D:12)
  3 necrophages
  41 ogres
  19 wolves
  11 centaurs
  5 big kobolds
  20 bullfrogs
  4 gnoll sergeants (D:10)
  A wyvern zombie (D:13)
  A wyvern skeleton (D:14)
  3 scorpions
  5 killer bees (D:8)
  7 jellies
  2 electric eels (Lair:3)
  13 wights
  3 centaur zombies
  A quasit (D:12)
  15 orc wizards
  2 bullfrog zombies
  11 orc priests
  2 bullfrog skeletons
  8 centaur skeletons
  4 iguanas
  19 worker ants
  2 hound skeletons
  A howler monkey zombie (D:11)
  5 gnolls
  11 adders
  2 howler monkey skeletons (D:4)
  2 shadow imps
  2 white imps
  2 ufetubi
  An ooze (D:2)
  An adder skeleton (D:5)
  4 worms
  A dart slug (D:2)
  4 leopard geckos
  71 orcs
  7 ball pythons
  5 giant cockroaches
  9 goblins
  13 hobgoblins
  8 jackals
  26 kobolds
  5 quokkas
  A ball python skeleton (D:5)
  13 bats
  8 frilled lizards
  2 leopard gecko skeletons
  A leopard gecko zombie (D:6)
  A quokka zombie (D:5)
  8 rats
  A bush (Lair:5)
765 creatures vanquished.

Vanquished Creatures (collateral kills)
  An ice beast (D:11)
1 creature vanquished.

Vanquished Creatures (others)
  An ogre mage (D:14)
  A vampire (D:11)
  A quokka (D:9)
  A frilled lizard (D:4)
  51 fungi
  66 plants
  6 withered plants (D:9)
127 creatures vanquished.

Grand Total: 893 creatures vanquished

Notes
Turn   | Place    | Note
-------+----------+-------------------------------------------
     0 | D:5      | Elvor the Gargoyle Delver began the quest for the Orb.
     0 | D:5      | Reached XP level 1. HP: 14/14 MP: 1/1
    11 | D:5      | Noticed an orc wizard
    23 | D:5      | Noticed an orc wizard
    40 | D:5      | Killed an orc wizard
    41 | D:5      | Reached XP level 2. HP: 7/19 MP: 2/2
    41 | D:5      | Reached XP level 3. HP: 9/23 MP: 3/3
    50 | D:5      | Reached XP level 4. HP: 8/28 MP: 4/4
   114 | D:5      | Found Labiaqio's Jewellery Shop.
   283 | D:4      | Reached XP level 5. HP: 17/33 MP: 5/5
   445 | D:3      | Noticed Grinder
   466 | D:3      | Killed Grinder
   467 | D:3      | Reached skill level 3 in Maces & Flails
   467 | D:3      | Reached skill level 1 in Armour
   467 | D:3      | Reached XP level 6. HP: 32/38 MP: 6/6
   733 | D:2      | Found a hazy altar of Hepliaklqana.
   737 | D:2      | Found a shadowy altar of Dithmenos.
   738 | D:2      | Noticed a shadow
   992 | D:2      | Reached skill level 4 in Maces & Flails
  2303 | D:2      | Found a blossoming altar of Fedhas.
  2380 | D:2      | Reached XP level 7. HP: 38/44 MP: 7/7
  3858 | D:4      | Reached skill level 5 in Maces & Flails
  3870 | D:4      | Found a staircase to the Ecumenical Temple.
  3893 | Temple   | Entered the Ecumenical Temple
  3908 | Temple   | Became a worshipper of Warmaster Okawaru
  4131 | D:4      | Found Veororr's Weapon Shop.
  4270 | D:4      | Found a glowing golden altar of the Shining One.
  4491 | D:5      | Reached skill level 6 in Maces & Flails
  4491 | D:5      | Reached XP level 8. HP: 31/48 MP: 8/8
  4527 | D:5      | Found a shimmering altar of Xom.
  4549 | D:5      | Got a polished chain mail
  4560 | D:5      | Identified the cursed +1 chain mail of Noawkorr {Rampage}
                  | (You found it on level 5 of the Dungeon)
  4661 | D:5      | Reached skill level 1 in Evocations
  4665 | D:5      | Reached * piety under Okawaru
  4759 | D:5      | Reached skill level 1 in Throwing
  4761 | D:5      | Found a snail-covered altar of Cheibriados.
  4784 | D:5      | Found a sparkling altar of Nemelex Xobeh.
  4789 | D:5      | Found a radiant altar of Vehumet.
  4799 | D:5      | Found a hide-covered altar of Uskayaw.
  4865 | D:5      | HP: 1/48 [acid (5)]
  5092 | D:6      | Found a broken altar of Ashenzari.
  5180 | D:6      | Reached skill level 7 in Maces & Flails
  5374 | D:6      | Found a basalt altar of Yredelemnul.
  5434 | D:6      | Noticed Eustachio
  5528 | D:6      | Killed Eustachio
  5528 | D:6      | Reached ** piety under Okawaru
  5555 | D:6      | Found a white marble altar of Elyvilon.
  5574 | D:6      | Reached skill level 5 in Fighting
  5814 | D:7      | Noticed Harold
  5904 | D:6      | Reached XP level 9. HP: 35/54 MP: 9/9
  6094 | D:7      | Reached skill level 8 in Maces & Flails
  6239 | D:7      | Identified a scroll of acquirement
  6253 | D:7      | Acquired the ring of Tetoiw {Wiz +Blink rC+ Slay+3}
  6390 | D:7      | Killed Harold
  6390 | D:7      | Reached *** piety under Okawaru
  6391 | D:7      | Reached skill level 1 in Shields
  6577 | D:7      | Upgraded the game from 0.26.1-10-gdfb7c7de75 to
                  | 0.26.1-11-gd32895ea62
  6633 | D:8      | Reached skill level 9 in Maces & Flails
  6689 | D:8      | Reached **** piety under Okawaru
  6858 | D:8      | Noticed Prince Ribbit
  6880 | D:7      | Killed Prince Ribbit
  6975 | D:8      | Reached XP level 10. HP: 59/59 MP: 10/10
  7315 | D:8      | Found a burning altar of Makhleb.
  7352 | D:8      | Found an ancient bone altar of Kikubaaqudgha.
  7767 | D:9      | Found an ornate altar of the Wu Jian Council.
  7806 | D:9      | Noticed TangoThomas's ghost (novice OgAE)
  7806 | D:9      | Noticed Sinop's ghost (journeyman GrEE)
  7807 | D:9      | Found a runed translucent gate.
  7807 | D:9      | Found a runed translucent gate.
  7807 | D:9      | Found a runed translucent gate.
  7817 | D:9      | Found a shimmering altar of Xom.
  7819 | D:9      | Noticed an angel
  7840 | D:9      | Found a glowing silver altar of Zin.
  8027 | D:9      | Noticed Erolcha
  8052 | D:9      | Killed Erolcha
  8052 | D:9      | Received a gift from Okawaru
  8053 | D:9      | Reached skill level 10 in Maces & Flails
  8291 | D:10     | Entered Level 10 of the Dungeon
  8291 | D:10     | Noticed a gargoyle
  8321 | D:9      | Killed a gargoyle
  8584 | D:10     | Found Raseh's General Store.
  8595 | D:9      | Reached ***** piety under Okawaru
  8720 | D:10     | Found Ixamu's Gadget Emporium.
  8728 | D:10     | Bought a scroll of identify for 28 gold pieces
  8743 | D:10     | Found Bupluxos's Book Shoppe.
  8752 | D:10     | Reached skill level 5 in Armour
  8781 | D:10     | Received a gift from Okawaru
  8782 | D:10     | Reached skill level 5 in Throwing
  8906 | D:10     | Found Xisaixko's Magic Scroll Shoppe.
  8914 | D:10     | Bought a scroll of blinking for 90 gold pieces
  8914 | D:10     | Bought a scroll of identify for 24 gold pieces
  8914 | D:10     | Bought a scroll of identify for 24 gold pieces
  8914 | D:10     | Bought a scroll of identify for 24 gold pieces
  8914 | D:10     | Bought a scroll of identify for 24 gold pieces
  8980 | D:10     | Received a gift from Okawaru
  9024 | D:10     | Reached XP level 11. HP: 17/64 MP: 9/11
  9043 | D:10     | Found a staircase to the Orcish Mines.
  9353 | D:10     | Reached skill level 11 in Maces & Flails
  9713 | D:10     | Bought a scroll of fear for 42 gold pieces
  9804 | D:11     | Reached skill level 1 in Invocations
  9821 | D:11     | Noticed a green ugly thing
  9874 | D:11     | Killed a green ugly thing
  9990 | D:11     | Noticed a two-headed ogre
 10000 | D:11     | Killed a two-headed ogre
 10270 | D:11     | Found the +12 Vampire's Tooth {vamp}
 10376 | D:11     | Noticed a boulder beetle
 10613 | D:11     | Noticed a two-headed ogre
 10631 | D:11     | Killed a two-headed ogre
 10646 | D:11     | Noticed a manticore
 10650 | D:11     | Noticed an unseen horror
 10886 | D:11     | Noticed a two-headed ogre
 10897 | D:11     | Killed a two-headed ogre
 10897 | D:11     | Received a gift from Okawaru
 10898 | D:11     | Reached skill level 12 in Maces & Flails
 10898 | D:11     | Got a distressingly furry scale mail {god gift}
 10960 | D:11     | Identified the +2 scale mail of Thoughtfulness {Str+4}
                  | (Okawaru gifted it to you on level 11 of the Dungeon)
 11093 | D:11     | Reached XP level 12. HP: 57/71 MP: 12/12
 11125 | D:11     | Found a staircase to the Lair.
 11162 | D:11     | Found Moataj's Distillery.
 11165 | D:11     | Bought a potion of ambrosia for 128 gold pieces
 11165 | D:11     | Bought a potion of heal wounds for 80 gold pieces
 11165 | D:11     | Bought a potion of curing for 48 gold pieces
 11165 | D:11     | Bought a potion of haste for 160 gold pieces
 11192 | D:11     | Found a runed translucent door.
 11193 | D:11     | Found a shimmering altar of Xom.
 11193 | D:11     | Noticed grovkorv's ghost (journeyman MfFi)
 11469 | D:11     | Killed grovkorv's ghost
 11550 | D:9      | Killed Sinop's ghost
 11570 | D:9      | Killed TangoThomas's ghost
 11571 | D:9      | Reached skill level 13 in Maces & Flails
 11714 | Lair:1   | Entered Level 1 of the Lair of Beasts
 11752 | Lair:1   | Found a dark tunnel.
 11761 | Volcano  | Entered a volcano
 11812 | Volcano  | Noticed a centaur warrior
 11823 | Volcano  | Killed a centaur warrior
 12030 | Lair:1   | Received a gift from Okawaru
 12347 | Lair:1   | Reached XP level 13. HP: 32/78 MP: 15/15
 12415 | Lair:1   | Reached skill level 14 in Maces & Flails
 12985 | Lair:2   | Found a staircase to the Shoals.
 13568 | Lair:3   | Noticed Sonja
 13606 | Lair:3   | Reached skill level 5 in Shields
 13798 | Lair:3   | Killed Sonja
 14191 | Lair:3   | Found a staircase to the Snake Pit.
 14463 | Lair:3   | You fall into a shaft and drop 2 floors!
 14803 | Lair:5   | Found a viscous altar of Jiyva.
 14803 | Lair:5   | Found a staircase to the Slime Pits.
 14975 | Lair:5   | You fall into a shaft and drop 1 floor!
 14975 | Lair:6   | Entered Level 6 of the Lair of Beasts
 15005 | Lair:6   | Received a gift from Okawaru
 15400 | Lair:6   | Reached skill level 10 in Fighting
 15867 | Lair:5   | Learned a level 2 spell: Swiftness
 16215 | Lair:5   | Gained mutation: Your large and strong wings let you fly
                  | indefinitely. [Gargoyle growth]
 16215 | Lair:5   | Reached XP level 14. HP: 58/88 MP: 16/16
 16358 | Lair:4   | Found a frozen archway.
 16366 | IceCv    | Entered an ice cave
 16382 | IceCv    | Found a transporter.
 16407 | IceCv    | Found a transporter.
 16860 | Lair:4   | Received a gift from Okawaru
 17160 | Lair:4   | Received a gift from Okawaru
 18014 | Lair:3   | Received a gift from Okawaru
 18033 | Lair:3   | Got a dazzling battleaxe
 18034 | Lair:3   | Identified the cursed +0 battleaxe "Jaith" {vorpal, +Blink
                  | rC+ MP+9} (You found it on level 3 of the Lair of Beasts)
 18346 | Lair:6   | Noticed an entropy weaver
 18687 | Lair:6   | Killed an entropy weaver
 18687 | Lair:6   | Received a gift from Okawaru
 18703 | Lair:6   | Noticed an entropy weaver
 18963 | Lair:5   | Killed an entropy weaver
 19595 | Lair:6   | Reached skill level 15 in Maces & Flails
 19817 | Lair:6   | Reached XP level 15. HP: 96/96 MP: 15/17
 20121 | Orc:1    | Entered Level 1 of the Orcish Mines
 20407 | Orc:2    | Entered Level 2 of the Orcish Mines
 20669 | Orc:2    | Received a gift from Okawaru
 20716 | Orc:2    | Received a gift from Okawaru
 20723 | Orc:2    | Received a gift from Okawaru
 20732 | Orc:2    | Reached skill level 10 in Throwing
 20784 | Orc:2    | Found Peupreez's Assorted Antiques.
 20784 | Orc:2    | Found Nasyl's Magic Scroll Emporium.
 20785 | Orc:2    | Found Reef's Book Emporium.
 20785 | Orc:2    | Found Cyicri's General Store.
 20874 | Orc:2    | Bought a scroll of identify for 44 gold pieces
 20875 | Orc:2    | Bought a scroll of identify for 26 gold pieces
 20875 | Orc:2    | Bought a scroll of identify for 26 gold pieces
 20875 | Orc:2    | Bought a scroll of identify for 26 gold pieces
 20876 | Orc:2    | Bought a scroll of fog for 34 gold pieces
 20876 | Orc:2    | Bought a potion of heal wounds for 85 gold pieces
 20876 | Orc:2    | Bought a scroll of identify for 34 gold pieces
 20876 | Orc:2    | Bought a potion of curing for 51 gold pieces
 20876 | Orc:2    | Bought a scroll of identify for 34 gold pieces
 20950 | Orc:2    | Noticed Rupert
 20968 | Orc:2    | Killed Rupert
 20969 | Orc:2    | Reached skill level 10 in Armour
 21105 | Orc:2    | Found a staircase to the Elven Halls.
 21647 | Orc:2    | Bought a scroll of acquirement for 676 gold pieces
 21647 | Orc:2    | Acquired 1009 gold pieces
 21651 | Orc:2    | Bought a scroll of teleportation for 39 gold pieces
 21651 | Orc:2    | Bought a scroll of teleportation for 39 gold pieces
 21651 | Orc:2    | Bought a scroll of teleportation for 39 gold pieces
 21651 | Orc:2    | Bought a scroll of summoning for 123 gold pieces
 21651 | Orc:2    | Bought a scroll of summoning for 123 gold pieces
 21654 | Orc:2    | Bought a scroll of teleportation for 66 gold pieces
 21657 | Orc:2    | Bought a wand of iceblast (7) for 88 gold pieces
 21898 | D:12     | Reached ****** piety under Okawaru
 21922 | D:12     | Received a gift from Okawaru
 22080 | D:12     | Noticed Azrael
 22089 | D:12     | Received a gift from Okawaru
 22104 | D:12     | Killed Azrael
 22171 | D:12     | Got a shimmering helmet
 22182 | D:12     | Identified the +2 helmet of the Jolly Songs {rC+ Int+2}
                  | (You found it on level 12 of the Dungeon)
 22258 | D:12     | You are sucked into a shaft and drop 1 floor!
 22308 | D:13     | Found an opulent altar of Gozag.
 22434 | D:13     | Found a transporter.
 22442 | D:13     | Noticed Cykl0x's ghost (journeyman MiFi)
 22450 | D:13     | Found a transporter.
 22531 | D:12     | Reached XP level 16. HP: 89/104 MP: 19/19
 22673 | D:12     | Noticed Nessos
 22694 | D:12     | Killed Nessos
 22967 | D:13     | Reached skill level 10 in Shields
 23014 | D:13     | Found Wuyfyk's Assorted Antiques.
 23104 | D:13     | You are sucked into a shaft and drop 2 floors!
 23104 | D:15     | Entered Level 15 of the Dungeon
 23553 | D:14     | You are sucked into a shaft and drop 1 floor!
 24138 | D:14     | Received a gift from Okawaru
 24188 | D:14     | Got a crystal mace {god gift}
 24189 | D:14     | Identified the +1 mace "Godafesa" {distort, *Rage rN+
                  | Int+8} (Okawaru gifted it to you on level 14 of the
                  | Dungeon)
 24222 | D:14     | Found a gate to the Vaults.
 24408 | D:14     | Found Oqogg's Armour Boutique.
 24594 | D:15     | Found a burning altar of Makhleb.
 24611 | D:15     | Found Cewo's Wicked Wares.
 24652 | D:15     | Noticed Agnes
 24672 | D:15     | Killed Agnes
 24776 | D:15     | Received a gift from Okawaru
 24899 | D:15     | Found a staircase to the Depths.
 24921 | D:15     | HP: 1/107 [fire giant/fireball (35)]
 24922 | D:15     | Killed from afar by a fire giant

Illustrated notes

Levels and vault maps discovered:
D:1:      dpeg_arrival_erosion, layout_loops_ring,
          hangedman_abyss_or_decor_lesser_grid, nrook_mini_backslash,
          minmay_stone_trees_small, serial_bayou_lagoon_b
D:2:      layout_basic, riverfiend_overflow_shadow_ancestor, fedhas_altar_3,
          guppyfry_early_orc_mine
D:3:      layout_loops_ring, minmay_snake_closets, uniq_grinder
D:4:      layout_rooms, nicolae_tso_swordbearing_angel,
          minmay_temple_entry_ruins, serial_shops, kennysheep_mini
D:5:      layout_basic, grunt_temple_overflow_cloverleaf, serial_shops, shop,
          xom_teletrap_fun, uniq_duvessa
D:6:      layout_rooms, evilmike_ruin_ashenzari, lemuel_doored_altar,
          elyvilon_altar_5, hangedman_decor_points, nicolae_benzene_ring,
          uniq_eustachio
D:7:      layout_cave_pools, uniq_harold
D:8:      layout_loops_ring, lightli_temple_of_fire,
          lemuel_coloured_pillars_altar, uniq_prince_ribbit1
D:9:      layout_irregular_city, grunt_temple_overflow_order_and_chaos_1,
          lemuel_round_altar, gammafunk_ghost_cemetery, uniq_erolcha
D:10:     layout_cross, kennysheep_orc_monster_closet_entryway, serial_shops,
          shop, shop_fountains, nicolae_shop_stone, nicolae_shop_waterfront
D:11:     cheibrodos_barr_body, layout_irregular_city, serial_shops,
          kennysheep_mini_moat, ebering_ghost_xom,
          minmay_guarded_unrand_vampires_tooth
D:12:     layout_basic, hangedman_decor_push, uniq_azrael, uniq_nessos
D:13:     layout_rooms, serial_shops, shop, gammafunk_ghost_berserking_beasts,
          nicolae_gozag_seed_capital
D:14:     layout_cave_pools, hangedman_vaults_entry_quadrant_bands,
          serial_shops, kennysheep_little_box
D:15:     grunt_enter_depths_giant_problem, layout_loops_ring,
          hangedman_decor_clover_reticule, nicolae_evil_shop, uniq_agnes
Temple:   corrupted_temple
Lair:1:   layout_concentric_octagons, lightli_volcano_entry_magma_tube,
          beast_lair_carwin_1, infiniplex_staircase_pool_2, grunt_megastairs_4
Lair:2:   layout_misc_corridors, elwin_shoals_entry_rocks, minivault_19,
          serial_bayou_shore_b
Lair:3:   minmay_lair_oklob_tunnel, layout_chaotic_city, dummy_snake_entry,
          serial_bayou_pond_a, serial_bayou_lake_a, uniq_sonja
Lair:4:   layout_small_grid, portal_ice_cave_entry_pillars_2, worms_lemuel
Lair:5:   layout_long_grid, dpeg_slime_entry_enclosed_altar, minmay_hedge_maze
Lair:6:   gammafunk_lair_ancient_temple, layout_layer_cave,
          minmay_another_anthill
Orc:1:    layout_caves, nicolae_orc_crystal_geode
Orc:2:    st_orc_ogre_mass, layout_diamond_mine, uniq_rupert

Skill      XL: |  1  2  3  4  5  6  7  8  9 10 11 12 13 14 15 16 |
---------------+-------------------------------------------------+-----
Stealth        | 6 7 8 |  8.8
Dodging        | 2 3 4 |  4.7
Fighting       | 4 5 6 7 10 12 13 14 | 14.6
Maces & Flails | 3 4 6 7 9 10 12 13 14 15 | 15.8
Armour         | 1 2 4 5 6 8 9 10 | 10.9
Evocations     | 1 2 3 |  3.8
Throwing       | 1 3 5 7 9 10 11 | 11.1
Shields        | 1 3 4 6 8 9 10 | 10.7
Invocations    | 1 2 3 4 |  4.9

Action                   |  1- 3 |  4- 6 |  7- 9 | 10-12 | 13-15 | 16-18 || total
-------------------------+-------+-------+-------+-------+-------+-------++-------
Melee: Mace              |    17 |   225 |   460 |     8 |       |       ||   710
       Flail             |       |       |       |   543 |  1466 |   480 ||  2489
Throw: Stone             |       |     2 |     2 |       |       |       ||     4
       Boomerang         |       |       |    27 |    35 |   151 |    39 ||   252
       Dart              |       |       |    47 |   179 |   112 |    49 ||   387
       Throwing net      |       |       |     1 |     2 |       |     1 ||     4
Invok: Heroism           |       |       |       |     8 |    12 |     3 ||    23
       Finesse           |       |       |       |     5 |     9 |     2 ||    16
 Abil: Evoke Blink       |       |       |       |     2 |       |       ||     2
       Fly               |       |       |       |       |     1 |       ||     1
Evoke: Wand              |       |     2 |    39 |    15 |     7 |     6 ||    69
       Box of beasts     |       |       |       |     1 |       |       ||     1
       Tin of tremorston |       |       |       |       |     5 |     1 ||     6
       Condenser vane    |       |       |       |       |     3 |       ||     3
  Use: Potion            |     1 |       |     4 |     5 |     4 |     1 ||    15
       Scroll            |       |       |    16 |    10 |    11 |     4 ||    41
 Stab: Sleeping          |       |    14 |    19 |     2 |       |       ||    35
       Distracted        |       |       |     1 |       |       |       ||     1
       Confused          |       |       |       |       |     2 |       ||     2
Armor: Acid dragon scale |    12 |    92 |   274 |   116 |       |       ||   494
       Chain mail        |       |       |    26 |       |       |       ||    26
       Scale mail        |       |       |       |    21 |       |       ||    21
       Crystal plate arm |       |       |       |    36 |   906 |   286 ||  1228
       Plate armour      |       |       |       |    12 |       |       ||    12
Dodge: Dodged            |    11 |   141 |   344 |   165 |   152 |    46 ||   859
Block: Buckler           |       |       |    36 |    24 |       |       ||    60
       Kite shield       |       |       |       |   120 |   589 |   222 ||   931
